 Dungeon Crawl Stone Soup version 0.28.0-53-g5a82cb258f (webtiles) character file.

Game seed: 14266264068220404220

2050 hawla the Destroyer (level 9, -2/106 HPs)
             Began as a Red Draconian Conjurer on June 12, 2022.
             Slain by a wight
             ... wielding a +0 mace
              (8 damage)
             ... on level 6 of the Dungeon.
             The game lasted 00:18:35 (7422 turns).

hawla the Destroyer (Red Draconian Conjurer)        Turns: 7422, Time: 00:18:36

Health: -2/106     AC:  8    Str: 19    XL:     9   Next: 4%
Magic:  2/22       EV: 12    Int: 20    God:
Gold:   138        SH:  0    Dex:  9    Spells: 6/13 levels left

rFire   + . .      SeeInvis .   m - +0 quarterstaff
rCold   . . .      Faith    .   (shield currently unavailable)
rNeg    . . .      Spirit   .   (armour unavailable)
rPois   .          Reflect  .   (helmet restricted)
rElec   .          Harm     .   t - +0 cloak of the Hot Ocelot {Regen+}
rCorr   .          Rampage  .   (no gloves)
Will    .....                   (no boots)
Stlth   ..........              (no amulet)
HPRegen 1.07/turn               y - +6 ring of strength
MPRegen 0.18/turn               r - ring of magical power

@: berserking (expiring), very slightly contaminated, very quick
A: breathe fire, AC +7, unfitting armour, fire resistance 1, cold-blooded
a: Breathe Fire


You were on level 6 of the Dungeon.
You visited 1 branch of the dungeon, and saw 6 of its levels.
You also visited: Sewer.

You collected 404 gold pieces.
You spent 266 gold pieces at shops.

Inventory:

Hand Weapons
 m - a +0 quarterstaff (weapon)
Missiles
 j - 26 poisoned darts
 u - 6 boomerangs
Armour
 t - the +0 cloak of the Hot Ocelot (worn) {Regen+}
   (You bought it in a shop on level 5 of the Dungeon)

   Regen:     It increases your rate of health regeneration.
 A - a +0 buckler
Jewellery
 l - a +4 ring of protection
 o - a ring of protection from fire
 r - a ring of magical power (right hand)
 y - a +6 ring of strength (left hand)
Wands
 p - a wand of charming (8)
 v - a wand of polymorph (9)
Scrolls
 d - a scroll of amnesia
 g - 2 scrolls of identify
 h - 2 scrolls of enchant armour
 s - 3 scrolls of teleportation
Potions
 a - a potion of resistance
 b - 2 potions of berserk rage
 c - 2 potions of haste {unknown}
 e - 3 potions of ambrosia {unknown}
 f - 6 potions of heal wounds {unknown}
 i - 2 potions of cancellation
 k - a potion of curing
 n - a potion of attraction {unknown}
 q - a potion of brilliance {unknown}
 w - 2 potions of mutation {unknown}
 x - 2 potions of degeneration {unknown}
 z - a potion of might {unknown}
 B - a potion of magic {unknown}


   Skills:
 + Level 4.2 Fighting
 + Level 5.2 Staves
 + Level 2.1 Dodging
 - Level 2.0 Stealth
 + Level 2.8 Spellcasting
 + Level 8.8 Conjurations
 + Level 4.9 Translocations


You had 6 spell levels left.
You knew the following spells:

 Your Spells              Type           Power      Damage    Failure   Level
a - Magic Dart            Conj           100%       1d8       1%          1
b - Searing Ray           Conj           76%        2d7       1%          2
c - Iskenderun's Mystic   Conj/Tloc      30%        2d8       9%          4

Your spell library contained the following spells:

 Spells                   Type           Power      Damage    Failure   Level
 Blink                    Tloc           44%        N/A       3%          2
 Lesser Beckoning         Tloc           22%        N/A       6%          3
 Dazzling Flash           Conj/Hex       40%        N/A       7%          3
 Summon Small Mammal      Summ           8%         N/A       14%         1
 Fulminant Prism          Conj/Hex       10%        3d9       24%         4
 Call Canine Familiar     Summ           2%         N/A       41%         3
 Summon Guardian Golem    Hex/Summ       2%         N/A       41%         3
 Manifold Assault         Tloc           22%        N/A       47%         5


Dungeon Overview and Level Annotations

Branches:
Dungeon (6/15)             Temple (0/1) D:6           Sewer (visited)

Altars:

Shops:
D:5 *[   D:6 [

Annotations:
D:4 2 transporters, trickyswaf's ghost, novice MiFi


Innate Abilities, Weirdness & Mutations

You can breathe blasts of fire.
Your fiery red scales are hard. (AC +7)
You cannot fit into any form of body armour.
Your flesh is heat resistant. (rF+)
You are cold-blooded and may be slowed by cold attacks.


Message History

The steam dragon breathes steam at you. The ball of steam hits you. You resist.
* * * LOW HITPOINT WARNING * * *
You thump the steam dragon!
The steam dragon is almost dead.
The wight hits you but does no damage.
The orc warrior hits you with a +0 scimitar!
* * * LOW HITPOINT WARNING * * *
The wight hits you with a +0 mace.
* * * LOW HITPOINT WARNING * * *
The steam dragon bites you but does no damage.
The steam dragon barely misses you.
The wight is engulfed in a cloud of scalding steam.
You feel a strong urge to attack something.
The steam dragon breathes steam at you. The ball of steam hits you! You resist.
* * * LOW HITPOINT WARNING * * *
The orc warrior closely misses you.
The steam dragon bites you but does no damage.
The steam dragon barely misses you.
Things that are here:
a +0 short sword; 9 gold pieces You hit the orc warrior but do no damage.
The orc warrior is heavily wounded.
The orc warrior hits you but does no damage.
You closely miss the steam dragon. You tail-slap the steam dragon.
You kill the steam dragon!
The steam dragon scales are intact enough to wear.
The orc warrior hits you with a +0 scimitar.
* * * LOW HITPOINT WARNING * * *
You have reached level 9!
Your experience leads to an increase in your attributes!
Your base attributes are Str 11, Int 20, Dex 9.
Increase (S)trength, (I)ntelligence, or (D)exterity?
You feel stronger. x2; Your scales feel tougher.
You sock the orc warrior!
The orc warrior is almost dead.
The wight is engulfed in a cloud of scalding steam.
The wight hits you with a +0 mace!
You die...

#######.###......#..######
..........#......#..##....
..........#......#...#....
#########'#......#...#....
...........###+##...#....
...........# ...##....
...........# ######....
.......zz§§##.##≈≈≈##....
#####..o@....##≈...§##...
#..z.....#...†..§'...
#........#...∩...'...
#........#.......'...
#.......###≈...≈##...
...###### ##≈≈≈##.... ....
#####..... .....'
+.........
#'#############...


You could see an orc warrior and 3 wights.

Vanquished Creatures
  A wyvern (D:5)
  A steam dragon (D:6)
  A hornet zombie (D:6)
  An orc warrior (D:5)
  2 ice beasts
  2 necrophages
  An ogre (D:6)
  A phantom (D:4)
  4 kobold brigands
  A bullfrog (D:6)
  A bullfrog zombie (D:5)
  A centaur zombie (D:6)
  A hound (D:6)
  A jelly (D:5)
  2 centaur skeletons
  An orc priest (D:5)
  2 bullfrog skeletons (D:5)
  Jessica (D:2)
  Natasha (twice) (D:2)
  3 iguanas
  An orc wizard (D:6)
  A scorpion zombie (D:5)
  2 hound skeletons
  6 gnolls
  5 adders
  A river rat (D:6)
  An ufetubus (D:6)
  3 adder skeletons (D:4)
  3 worms
  5 dart slugs
  12 orcs
  8 endoplasms
  4 giant cockroaches
  6 hobgoblins
  6 jackals (D:2)
  21 kobolds
  2 quokkas
  4 ball pythons
  A ball python zombie (D:3)
  11 bats
  2 frilled lizards (D:2)
  3 goblins
  5 rats
143 creatures vanquished.

Vanquished Creatures (collateral kills)
  A giant cockroach (D:6)
  A rat (D:6)
2 creatures vanquished.

Grand Total: 145 creatures vanquished

Notes
Turn   | Place    | Note
-------+----------+-------------------------------------------
     0 | D:1      | hawla the Draconian Conjurer began the quest for the Orb.
     0 | D:1      | Reached XP level 1. HP: 14/14 MP: 3/3
   419 | D:1      | Reached XP level 2. HP: 20/20 MP: 3/5
   485 | D:1      | Learned a level 2 spell: Searing Ray
  1023 | D:1      | Found a faded altar of an unknown god.
  1186 | D:2      | Noticed Jessica
  1504 | D:2      | Reached XP level 3. HP: 26/26 MP: 0/6
  1772 | D:2      | Killed Jessica
  1773 | D:2      | Reached skill level 5 in Conjurations
  1869 | D:2      | You fall into a shaft and drop 1 floor!
  1990 | D:2      | Noticed Natasha
  1995 | D:2      | Killed Natasha
  1996 | D:2      | Reached XP level 4. HP: 33/33 MP: 0/7
  1999 | D:2      | Noticed Natasha
  2001 | D:2      | Learned a level 4 spell: Iskenderun's Mystic Blast
  2005 | D:2      | Killed Natasha
  2481 | D:3      | Reached XP level 5. HP: 37/38 MP: 8/8
  2580 | D:3      | Reached skill level 1 in Translocations
  2905 | D:3      | Reached skill level 6 in Conjurations
  3218 | D:4      | Noticed a necrophage
  3225 | D:4      | Killed a necrophage
  3226 | D:4      | Reached XP level 6. HP: 46/46 MP: 1/9
  3601 | D:4      | Found a transporter.
  3604 | D:4      | Noticed trickyswaf's ghost (novice MiFi)
  3632 | D:4      | Found a transporter.
  3790 | D:4      | Reached skill level 1 in Fighting
  4293 | D:4      | Reached skill level 1 in Staves
  4293 | D:4      | Reached skill level 7 in Conjurations
  4697 | D:5      | Entered Level 5 of the Dungeon
  4858 | D:5      | Noticed a wyvern
  4868 | D:5      | Killed a wyvern
  4869 | D:5      | Your scales start taking on a fiery red colour.
  4869 | D:5      | Reached XP level 7. HP: 52/55 MP: 0/10
  4869 | D:5      | Gained mutation: Your flesh is heat resistant. (rF+) [Red
                  | Draconian growth]
  5587 | D:5      | Found Susup's Antique Armour Shop.
  5855 | D:5      | Bought a glimmering cloak for 266 gold pieces
  5855 | D:5      | Identified the +0 cloak of the Hot Ocelot {Regen+} (You
                  | bought it in a shop on level 5 of the Dungeon)
  5877 | D:5      | Found Liluoney's CLEARANCE SALE!.
  5885 | D:5      | Reached XP level 8. HP: 63/63 MP: 2/11
  6285 | D:6      | Found a glowing drain.
  6300 | Sewer    | Entered a sewer
  6447 | Sewer    | Reached skill level 8 in Conjurations
  7179 | D:6      | Found Nuvokke's Armour Boutique.
  7189 | D:6      | Reached skill level 5 in Staves
  7305 | D:6      | Found a staircase to the Ecumenical Temple.
  7421 | D:6      | HP: 4/99 [orc warrior/+0 scimitar (6)]
  7422 | D:6      | Reached XP level 9. HP: 5/71 MP: 2/13
  7422 | D:6      | Slain by a wight

Illustrated notes

Levels and vault maps discovered:
D:1:      amcnicky_arrival_flooded_fountain, layout_basic,
          shapermc_ecumenical_altar_hornbeckon, minmay_pentomino_q4
D:2:      layout_basic, nrook_mini_vaults, uniq_natasha, uniq_jessica
D:3:      minmay_chambers_of_threes, layout_loops_ring
D:4:      layout_cave_pods, gammafunk_ghost_mausoleum
D:5:      layout_cave_pools, serial_shops, nicolae_shop_trees,
          hangedman_abyss_or_decor_stagger, minmay_misc_feat_hallway,
          hangedman_abyss_or_decor_passed, nicolae_shop_clearance
D:6:      layout_gridville, temple_statues, portal_sewer_entry_a,
          kennysheep_windowed_goal

Skill      XL: |  1  2  3  4  5  6  7  8 |
---------------+-------------------------+-----
Stealth        | 2 |  2.0
Conjurations   | 5 6 7 8 |  8.8
Dodging        | 2 |  2.1
Translocations | 1 2 3 4 |  4.9
Fighting       | 2 3 4 |  4.2
Staves         | 2 3 5 |  5.2
Spellcasting   | |  2.8

Action                   |  1- 3 |  4- 6 |  7- 9 || total
-------------------------+-------+-------+-------++-------
Melee: Unarmed           |    11 |       |       ||    11
       Dagger            |     9 |    71 |       ||    80
       Tailslap          |     4 |    20 |     9 ||    33
       Punch             |       |     1 |       ||     1
       Quarterstaff      |       |    53 |    66 ||   119
 Cast: Magic Dart        |    31 |    11 |    20 ||    62
       Searing Ray       |    17 |     7 |    23 ||    47
       Iskenderun's Myst |       |     6 |    30 ||    36
 Abil: Breathe Fire      |       |       |     1 ||     1
  Use: Scroll            |     3 |     4 |     2 ||     9
       Potion            |       |       |     2 ||     2
 Stab: Sleeping          |       |     2 |       ||     2
Armor: Skin              |    19 |    90 |    76 ||   185
Dodge: Dodged            |    20 |   115 |   113 ||   248
